AoeStats
← Kaiser Ze

Black Forest

509092813Analyzed
4v4 RM · 6d ago on Sep 25, 2026· 43m 5s· 8 players
Game mode
Random Map
Map size
Large (8 player)
Population
200
Speed
Normal
Resources
Standard
Victory
Conquest
Starting age
Dark Age
Ending age
Imperial Age
RankedLock teamsTeams togetherTeam positionsShared explorationLock speedFull tech treeHidden civsTurbo modeCheats
Victory
Defeat
🇭🇰 Britons · Hong Kong SAR China
1443
+14
🇨🇳 Dravidians · China
1415
+16
🇻🇳 Burgundians · Vietnam
1403
+16
🇦🇷 Gurjaras · Argentina
1347
+19
🇨🇳 Poles · China
1469
-18
🇺🇸 Saxons · United States
1439
-18
🇮🇳 Khmer · India
1376
-15
🇮🇳 Bohemians · India
1342
-14
Melodies of Life
0:55 Loom
11:01 Double-Bit Axe
13:37 Feudal Age
12:27 Fishing Lines
17:31 Castle Age
16:27 Bow Saw
16:15 Horse Collar
17:24 Heavy Plow
17:16 Gillnets
18:56 Town Watch
20:22 Wheelbarrow
25:01 Hand Cart
25:11 Gold Mining
25:26 Stone Mining
27:13 Two-Man Saw
27:08 Crop Rotation
26:46 Burgundian Vineyards
27:30 Gold Shaft Mining
27:32 Stone Shaft Mining
31:15 Imperial Age
29:26 Scale Barding Armor
29:32 Forging
30:43 Chain Barding Armor
31:40 Iron Casting
31:35 Guilds
32:19 Conscription
31:21 Elite Coustillier
33:06 Chemistry
32:35 Husbandry
33:46 Plate Barding Armor
34:13 Blast Furnace
33:17 Fletching
33:40 Masonry
41:51 Caravan
onon02122
0:39 Loom
10:44 Feudal Age
16:09 Double-Bit Axe
19:41 Castle Age
20:16 Crossbowman
24:39 Fletching
27:07 Wheelbarrow
26:53 Horse Collar
27:54 Bow Saw
29:29 Town Watch
29:55 Heavy Plow
33:41 Imperial Age
31:23 Bodkin Arrow
32:38 Padded Archer Armor
32:46 Stone Mining
32:47 Gold Mining
33:38 Leather Archer Armor
33:49 Ballistics
33:54 Fortified Wall
34:37 Siege Engineers
35:32 Chemistry
36:35 Masonry
36:55 Arbalester
38:56 Pikeman
39:49 Squires
40:18 Conscription
40:06 Elite Skirmisher
41:23 Hand Cart
40:47 Halberdier
43:20 Warwolf
Kaiser Ze
6:42 Loom
10:47 Feudal Age
12:20 Double-Bit Axe
14:55 Castle Age
16:31 Bow Saw
17:04 Wheelbarrow
20:05 Fishing Lines
24:14 Gold Mining
24:14 Stone Mining
24:06 Horse Collar
25:44 Hand Cart
28:33 Imperial Age
26:57 Heavy Plow
27:28 Gillnets
29:03 Fletching
29:14 Padded Archer Armor
29:38 Ballistics
30:18 Chemistry
28:42 Elite Elephant Archer
29:28 Thumb Ring
31:06 Conscription
30:51 Medical Corps
30:45 Bodkin Arrow
31:38 Leather Archer Armor
31:26 Husbandry
31:56 Bracer
33:23 Two-Man Saw
32:55 Ring Archer Armor
36:11 Caravan
KanA
10:52 Feudal Age
13:06 Loom
16:38 Castle Age
15:10 Gold Mining
15:06 Double-Bit Axe
15:29 Horse Collar
15:42 Fishing Lines
18:26 Bloodlines
19:20 Gillnets
20:07 Stone Mining
20:42 Scale Barding Armor
22:04 Husbandry
23:21 Bow Saw
23:12 Heavy Plow
24:55 Wheelbarrow
26:51 Hand Cart
31:17 Imperial Age
29:40 Chain Barding Armor
30:20 Forging
31:34 Gold Shaft Mining
31:35 Stone Shaft Mining
31:25 Thumb Ring
32:50 Iron Casting
32:12 Fletching
32:22 Padded Archer Armor
32:45 Ballistics
33:26 Chemistry
32:21 Murder Holes
32:38 Fortified Wall
32:45 Caravan
33:17 Coinage
33:15 Elite Elephant Archer
34:06 Bodkin Arrow
34:48 Bracer
34:34 Treadmill Crane
36:13 Leather Archer Armor
36:22 Frontier Guards
35:33 Sappers
37:13 Plate Barding Armor
36:00 Light Cavalry
39:09 Crop Rotation
39:30 Iron Casting
39:59 Banking
Mozenrath
9:22 Loom
11:44 Feudal Age
16:07 Castle Age
13:59 Double-Bit Axe
14:38 Horse Collar
15:34 Fishing Lines
17:37 Bow Saw
17:39 Gillnets
19:06 Wheelbarrow
18:46 Heavy Plow
21:50 Hand Cart
28:04 Imperial Age
25:40 Gold Mining
25:44 Stone Mining
27:30 Scale Barding Armor
27:36 Forging
27:48 Husbandry
27:59 Bloodlines
28:06 Elite Ballista Elephant
29:12 Chain Barding Armor
28:48 Fletching
29:50 Double Crossbow
31:09 Plate Barding Armor
31:28 Hoardings
32:34 Chemistry
31:55 Ballistics
33:27 Bodkin Arrow
34:15 Bracer
37:18 Light Cavalry
38:53 Iron Casting
38:36 Caravan
38:15 Hussar
38:16 Elite Battle Elephant
41:04 Tusk Swords
Deathpulse
0:27 Loom
14:22 Feudal Age
18:52 Castle Age
17:06 Double-Bit Axe
21:12 Fishing Lines
22:27 Fishing Lines
24:46 Bow Saw
24:43 Gillnets
24:53 Horse Collar
26:15 Heavy Plow
27:47 Wheelbarrow
29:21 Town Watch
29:55 Hand Cart
32:43 Imperial Age
30:53 Pikeman
31:34 Squires
31:35 Scale Mail Armor
31:45 Forging
32:00 Arson
32:37 Town Patrol
32:48 Halberdier
33:44 Chain Mail Armor
34:05 Iron Casting
34:32 Chemistry
33:39 Siege Engineers
34:31 Onager
35:56 Plate Mail Armor
38:57 Blast Furnace
MacBookUser
0:44 Loom
10:19 Feudal Age
10:20 Man-at-Arms
10:46 Arson
17:01 Double-Bit Axe
17:58 Horse Collar
23:06 Castle Age
24:04 Bow Saw
24:06 Heavy Plow
23:49 Fishing Lines
25:29 Gillnets
27:41 Gold Mining
30:22 Wheelbarrow
34:05 Imperial Age
32:54 Fletching
33:04 Padded Archer Armor
32:46 Crossbowman
33:59 Ballistics
33:35 Bodkin Arrow
34:31 Thumb Ring
34:43 Leather Archer Armor
35:04 Hand Cart
34:58 Bracer
36:03 Chemistry
35:27 Conscription
35:38 Arbalester
37:12 Ring Archer Armor
36:37 Pikeman
37:18 Squires
37:03 Gambesons
37:12 Elite Skirmisher
37:58 Scale Mail Armor
38:09 Forging
38:15 Halberdier
39:12 Chain Mail Armor
40:07 Iron Casting
40:51 Plate Mail Armor
40:21 Capped Ram
41:35 Shield Wall
苟住
12:58 Feudal Age
17:07 Castle Age
16:20 Horse Collar
17:22 Double-Bit Axe
18:36 Forging
19:21 Scale Barding Armor
22:09 Iron Casting
23:26 Wheelbarrow
24:38 Hand Cart
26:28 Heavy Plow
29:12 Imperial Age
26:27 Loom
27:04 Bow Saw
27:08 Fletching
27:34 Gold Mining
28:05 Fishing Lines
29:27 Chain Barding Armor
29:05 Stone Mining
29:31 Town Watch
29:58 Szlachta Privileges
29:17 Cavalier
30:33 Bloodlines
32:02 Blast Furnace
32:13 Chemistry
31:11 Bodkin Arrow
33:37 Bracer
34:11 Conscription
34:33 Padded Archer Armor
36:57 Onager
37:11 Light Cavalry
39:19 Caravan
39:35 Leather Archer Armor
39:21 Scale Mail Armor
41:33 Winged Hussar
Connection lost

Rejoining the realm…

Still unreachable

The connection could not be restored.

Session expired

The server has moved on; the page needs a fresh start.